Map: White Rabbit LE

Players

Motverion

  • Race: Zerg Zerg
  • League: Diamond
  • Spawn Location: 1:00

HoldTheDoor - Winner!

  • Race: Protoss Protoss
  • League: Diamond
  • Spawn Location: 7:00

VOD

Have the link to the VOD?

Description

Time

  • Played on: May 11, 2026, 12:17 p.m.
  • Length: 8:19
Show
View Real Time Build Order
Export as new Build Order

Motverion Zerg 

Build Orders: Hatch First 

Get SALT Encoding   

  12  0:00  Drone  
  13  0:14  Overlord  
  13  0:18  Drone  
  14  0:41  Hatchery  
  13  0:46  Drone  
  13  0:49  Drone  
  15  0:52  Drone  
  16  0:57  Drone  
  17  1:10  Extractor  
  16  1:13  Spawning Pool  
  16  1:17  Drone  
  16  1:26  Drone  
  16  1:32  Drone  
  18  1:41  Drone  
  19  2:00  Queen  
  21  2:02  Queen  
  21  2:04  Drone x3  
  21  2:05  Drone  
  27  2:24  Metabolic Boost  
  27  2:26  Zergling x2  
  27  2:28  Overlord x2  
  28  2:40  Overlord x2  
  28  2:49  Zergling x6  
  31  2:58  Drone  
  31  2:59  Drone  
  33  3:09  Drone x2  
  35  3:20  Zergling x4  
  35  3:21  Zergling x4  
  39  3:29  Lair  
  39  3:35  Drone, Roach Warren  
  38  3:54  Hatchery  
  38  3:55  Drone x4  
  39  3:56  Drone x2  
  42  4:23  Drone x2  
  42  4:24  Drone x2  
  46  4:29  Drone  
  46  4:30  Drone x3  
  46  4:31  Extractor, Overlord  
  49  4:35  Queen  
  49  4:36  Overlord  
  51  4:38  Overseer  
  51  4:56  Roach x5  
  51  4:57  Roach  
  51  4:58  Glial Reconstitution  
  63  5:01  Spore Crawler  
  62  5:07  Overseer  
  62  5:16  Spore Crawler, Drone  
  62  5:18  Drone  
  63  5:22  Drone x2  
  63  5:23  Extractor  
  64  5:31  Hydralisk Den, Drone x2  
  65  5:36  Evolution Chamber  
  65  5:37  Zergling x2  
  65  5:38  Evolution Chamber  
  65  5:40  Overlord x6  
  64  5:51  Drone  
  65  6:16  Roach x5  
  75  6:20  Zerg Missile Weapons Level 1  
  75  6:22  Zerg Ground Armor Level 1  
  75  6:23  Zergling x2  
  75  6:24  Zergling x10, Hatchery  
  80  6:28  Overseer  
  73  7:02  Zergling x10  
  73  7:03  Zergling x2  
  66  7:14  Roach x2  
  64  7:28  Roach x2  
  60  7:46  Roach x2  
  60  7:47  Roach x4  
  72  7:55  Drone x2  
  72  7:56  Roach x2  
Show
View Real Time Build Order
Export as new Build Order

HoldTheDoor Protoss - Winner!

Build Orders: 1 Gate Expand, Zealot Archon, Dark Templar Rush 

Get SALT Encoding   

  12  0:00  Probe  
  13  0:12  Probe  
  14  0:24  Probe, Pylon  
  15  0:38  Probe  
  16  0:43  Gateway  
  16  0:46  Probe  
  16  0:50  Assimilator  
  17  0:57  Probe  
  18  1:09  Probe  
  19  1:29  Nexus  
  19  1:32  Cybernetics Core  
  19  1:35  Probe  
  20  1:41  Assimilator  
  20  1:47  Probe  
  21  1:50  Pylon  
  21  1:57  Stalker  
  21  1:59  Probe  
  24  2:11  Warp Gate, Probe  
  25  2:23  Probe  
  25  2:25  Adept  
  28  2:33  Gateway  
  28  2:35  Probe  
  29  2:44  Probe  
  30  2:47  Probe  
  30  2:49  Twilight Council  
  31  2:56  Probe  
  32  2:59  Probe  
  33  3:08  Assimilator, Probe  
  33  3:11  Probe  
  35  3:14  Robotics Facility  
  35  3:20  Probe  
  36  3:28  Dark Shrine, Pylon  
  36  3:44  Probe  
  36  3:45  Probe  
  38  3:54  Pylon  
  38  3:56  Gateway, Charge  
  38  3:58  Gateway, Probe  
  38  3:59  Probe  
  40  4:06  Stalker  
  40  4:07  Warp Prism  
  40  4:08  Sentry  
  44  4:10  Probe  
  47  4:26  Probe x2  
  49  4:32  Phoenix  
  49  4:38  Probe  
  50  4:39  Gateway  
  50  4:41  Gateway  
  50  4:43  Forge  
  50  5:09  Dark Templar x4  
  58  5:16  Probe x2  
  58  5:20  Pylon  
  60  5:23  Pylon  
  60  5:24  Shield Battery  
  60  5:34  Nexus  
  60  5:36  Pylon  
  60  5:41  Probe x2  
  62  5:53  Probe x2  
  64  6:05  Probe x2  
  66  6:12  Protoss Ground Weapons Level 1, Zealot x3  
  66  6:13  Zealot x3  
  66  6:17  Probe x2  
  80  6:20  Immortal  
  84  6:28  Photon Cannon  
  84  6:30  Photon Cannon  
  84  6:31  Pylon  
  84  6:33  Shield Battery, Probe  
  84  6:34  Probe  
  86  6:46  Probe  
  86  6:53  Archon x2  
  82  6:57  Zealot x4  
  82  6:58  Zealot x2  
  90  7:19  Stalker x2  
  90  7:20  Stalker x4  
  102  7:49  Stalker x3  
Tags
 
Add a new tag
Caveats
  • Supply blocks, unpowered buildings, or Contaminate may cause inaccurate times.
  • Supply counts are checked every 10 seconds.